 Dungeon Crawl Stone Soup version 0.26-a0-854-gdc81c2f471 (webtiles) character file.

Game seed: 7088001929392921218

10700 iamoutofideas the Grappler (level 11, -2/107 HPs)
             Began as a Troll Hunter on Nov 23, 2020.
             Was a High Priest of Okawaru.
             Slain by a slime creature (14 damage)
             ... on level 9 of the Dungeon.
             The game lasted 00:14:17 (8765 turns).

iamoutofideas the Grappler (Troll Hunter)           Turns: 8765, Time: 00:14:18

Health: -2/107     AC:  7    Str: 27    XL:     11   Next: 39%
Magic:  10/10      EV: 16    Int:  2    God:    Okawaru [*****.]
Gold:   585        SH:  5    Dex: 15    Spells: 10/10 levels left

rFire    + . .     SeeInvis .     - Unarmed
rCold    . . .     Faith    .   (no shield)
rNeg     . . .     Spirit   .   B - +1 robe of Okawaru {+Blink Str+2 Int-5 Dex+5}
rPois    .         Reflect  +   (helmet restricted)
rElec    .         Harm     .   (no cloak)
rCorr    .         Rampage  .   (gloves unavailable)
MR       +....                  (boots unavailable)
Stlth    ++........             L - amulet of reflection
HPRegen  0.67/turn              s - ring of protection from fire
MPRegen  0.12/turn              f - ring of protection from magic

@: no status effects
A: large, unfitting armour, claws 3, regeneration 1, shaggy fur 1, tough skin 3
a: Heroism, Finesse, Renounce Religion, Evoke Blink


You were on level 9 of the Dungeon.
You worshipped Okawaru.
Okawaru was extremely pleased with you.
You visited 2 branches of the dungeon, and saw 12 of its levels.

You collected 627 gold pieces.
You spent 42 gold pieces at shops.

Inventory:

Missiles
 c - 6 large rocks (quivered)
 m - 9 atropa-tipped darts
 t - 15 poisoned darts
Armour
 b - a +1 robe
 n - a +0 troll leather armour
 B - the +1 robe of Okawaru (worn) {+Blink Str+2 Int-5 Dex+5}
   (You found it on level 5 of the Dungeon)

   It affects your strength (+2).
   It affects your intelligence (-5).
   It affects your dexterity (+5).
   It lets you blink.
 E - the +2 cloak "Pukaun" {+Inv Str+2 Int+4, unknown}
   (Okawaru gifted it to you on level 10 of the Dungeon)

   It affects your strength (+2).
   It affects your intelligence (+4).
   It lets you turn invisible.
 H - a +0 kite shield
 I - a +0 robe of magic resistance
Jewellery
 f - a ring of protection from magic (right claw)
 s - a ring of protection from fire (left claw)
 G - an uncursed ring of protection from fire
 L - an amulet of reflection (around neck)
Wands
 p - a wand of random effects (32)
 C - a wand of enslavement (5)
 K - a wand of polymorph (34)
 M - a wand of paralysis (12)
Scrolls
 g - 2 scrolls of enchant armour
 h - 3 scrolls of teleportation
 i - 5 scrolls of remove curse
 j - 2 scrolls of immolation
 D - a scroll of magic mapping
 J - a scroll of acquirement {unknown}
 N - a scroll of amnesia {unknown}
Potions
 a - a potion of magic
 e - 4 potions of brilliance
 k - 2 potions of heal wounds
 l - a potion of curing
 o - 4 potions of attraction
 q - a potion of invisibility
 r - 2 potions of flight
 u - a potion of haste
 v - a potion of degeneration {unknown}
 w - a potion of resistance {unknown}
 x - 2 potions of lignification
 z - 2 potions of ambrosia
 A - a potion of mutation {unknown}
 F - a potion of might {unknown}


   Skills:
 * Level 6.5 Fighting
 + Level 4.3 Throwing
 - Level 10.0 Dodging
 - Level 0.4 Stealth
 * Level 2.2 Shields
 + Level 10.8 Unarmed Combat
 + Level 0.6 Invocations


You had 10 spell levels left.
You didn't know any spells.
Your spell library contained the following spells:

 Spells                   Type           Power        Failure   Level
 Corona                   Hex            #......      54%         1
 Sting                    Tmut/Pois      #...         54%         1
 Summon Small Mammal      Summ           #...         54%         1
 Call Imp                 Summ           #.......     69%         2
 Ensorcelled Hibernation  Hex/Ice        #.....       69%         2
 Call Canine Familiar     Summ           #.......     89%         3
 Confusing Touch          Hex            #.......     89%         3
 Dazzling Flash           Conj/Hex       #.....       89%         3
 Frozen Ramparts          Ice            #.....       89%         3
 Ignite Poison            Fire/Tmut/Pois #.......     89%         3
 Spider Form              Tmut/Pois      #.........   89%         3
 Summon Guardian Golem    Hex/Summ       #.......     89%         3
 Tukima's Dance           Hex            #.......     89%         3
 Summon Ice Beast         Ice/Summ       #.......     100%        4
 Summon Lightning Spire   Summ/Air       #.......     100%        4
 Fireball                 Conj/Fire      #.........   100%        5
 Metabolic Englaciation   Hex/Ice        #.........   100%        5
 Freezing Cloud           Conj/Ice/Air   #.........   100%        6
 Starburst                Conj/Fire      #.........   100%        6
 Ignition                 Fire           #.........   100%        8


Dungeon Overview and Level Annotations

Branches:
Dungeon (11/15)            Temple (1/1) D:4            Lair (0/6) D:10
    Orc: D:9-12

Altars:
Ashenzari
Cheibriados
Dithmenos
Elyvilon
Fedhas
Gozag
Hepliaklqana
Kikubaaqudgha
Makhleb
Nemelex Xobeh
Okawaru
Qazlal
Ru
Sif Muna
Trog
Uskayaw
Vehumet
Wu Jian
Xom
Yredelemnul
Zin
The Shining One

Shops:
D:4 *=   D:5 (

Annotations:
D:6 3 runed translucent doors, Demosthentine's ghost, novice FoFi


Innate Abilities, Weirdness & Mutations

You are too large for most types of armour.
You have claws for hands.
Your natural rate of healing is unusually fast.
You are covered in fur. (AC +1)
You have extremely tough skin. (AC +3)


Message History

The large slime creature struggles against the net.
The large slime creature struggles against the net.
The net rips apart, and the large slime creature comes free!
The slime creature hits you!
* * * LOW HITPOINT WARNING * * *
There is a stone staircase leading up here.
The slime creature hits you!
* * * LOW HITPOINT WARNING * * *
You climb upwards.
There is a stone staircase leading down here.
You scratch the slime creature.
The slime creature is lightly wounded.
You completely miss the slime creature.
The slime creature is lightly wounded.
The slime creature hits you!
* * * LOW HITPOINT WARNING * * *
You mangle the slime creature!!
The slime creature is heavily wounded.
The slime creature hits you!
You die...

### ###.### #.....#
###@.## ##J### ####....#
##.......## #.........##
#..#.......###
###########.#.........##
#..)†.......#..........#
#.#############...#...##
####


You could see a slime creature.

Vanquished Creatures
  A skeletal warrior (D:10)
  A centaur zombie (D:10)
  Joseph (D:8)
  Psyche (D:9)
  Maggie (D:8)
  2 trolls (D:9)
  A polar bear (D:10)
  3 slime creatures (D:10)
  Sigmund (D:2)
  3 wraiths (D:10)
  5 yaks
  2 wyverns
  3 wargs
  5 water moccasins
  2 orc warriors
  3 sky beasts
  2 black bears (D:8)
  2 ice beasts
  A phantom (D:4)
  6 ogres
  2 wolves (D:10)
  7 centaurs
  7 bullfrogs
  A wyvern skeleton (D:10)
  7 scorpions
  4 killer bees (D:11)
  A wight (D:9)
  2 electric eels (D:10)
  2 howler monkeys (D:5)
  2 bullfrog skeletons
  A bullfrog zombie (D:10)
  5 hounds
  3 jellies
  A gnoll shaman (D:4)
  6 orc priests
  3 centaur skeletons
  9 worker ants
  10 orc wizards
  Natasha (twice) (D:3)
  3 killer bee zombies
  A bullfrog simulacrum (D:10)
  2 hound skeletons
  15 adders
  4 gnolls (D:4)
  2 shadow imps
  3 white imps
  3 ufetubi
  An ooze (D:4)
  3 adder skeletons
  7 worms
  A dart slug (D:2)
  An adder simulacrum (D:10)
  8 leopard geckos
  37 orcs
  4 giant cockroaches
  5 goblins
  6 hobgoblins
  16 jackals
  9 kobolds
  5 quokkas
  9 bats
  3 frilled lizards
  A jackal zombie (D:8)
  3 leopard gecko skeletons
  A quokka skeleton (D:4)
  9 rats
283 creatures vanquished.

Vanquished Creatures (others)
  2 plants (D:10)
2 creatures vanquished.

Grand Total: 285 creatures vanquished

Notes
Turn   | Place    | Note
-------+----------+-------------------------------------------
     0 | D:1      | iamoutofideas the Troll Hunter began the quest for the Orb.
     0 | D:1      | Reached XP level 1. HP: 19/19 MP: 0/0
    39 | D:1      | Reached skill level 1 in Unarmed Combat
   151 | D:1      | Reached XP level 2. HP: 24/27 MP: 1/1
   486 | D:2      | Reached XP level 3. HP: 33/33 MP: 2/2
   679 | D:2      | Reached XP level 4. HP: 34/41 MP: 3/3
   888 | D:2      | Noticed Sigmund
   907 | D:2      | Killed Sigmund
   908 | D:2      | Reached skill level 5 in Unarmed Combat
   908 | D:2      | Reached XP level 5. HP: 20/48 MP: 4/4
  1206 | D:3      | Reached XP level 6. HP: 42/55 MP: 5/5
  1415 | D:3      | Noticed Natasha
  1421 | D:3      | Killed Natasha
  1444 | D:3      | Found a sparkling altar of Nemelex Xobeh.
  1588 | D:3      | Noticed Natasha
  1594 | D:3      | Killed Natasha
  1808 | D:4      | Found a staircase to the Ecumenical Temple.
  1860 | Temple   | Entered the Ecumenical Temple
  1983 | Temple   | Became a worshipper of Warmaster Okawaru
  2065 | D:4      | Reached XP level 7. HP: 50/62 MP: 6/6
  2193 | D:4      | Reached * piety under Okawaru
  2350 | D:4      | Found Adaech's General Store.
  2382 | D:4      | Bought a potion of lignification for 42 gold pieces
  2543 | D:4      | Found Ipora's Jewellery Boutique.
  2668 | D:5      | Entered Level 5 of the Dungeon
  2736 | D:5      | Found Zoirghukh's Weapon Shop.
  2812 | D:5      | Reached XP level 8. HP: 69/70 MP: 7/7
  2906 | D:5      | Reached ** piety under Okawaru
  2985 | D:5      | Got an ancient robe
  2996 | D:5      | Identified the +1 robe of Okawaru {+Blink Str+2 Int-5
                  | Dex+5} (You found it on level 5 of the Dungeon)
  3098 | D:5      | Reached skill level 10 in Unarmed Combat
  3750 | D:6      | Found a runed translucent gate.
  3750 | D:6      | Noticed Demosthentine's ghost (novice FoFi)
  3751 | D:6      | Found a runed translucent gate.
  3751 | D:6      | Found a runed translucent gate.
  3847 | D:6      | You fall into a shaft and drop 3 floors!
  4040 | D:9      | Noticed a troll
  4078 | D:9      | Reached XP level 9. HP: 53/84 MP: 5/8
  4083 | D:9      | Killed a troll
  4336 | D:9      | Reached *** piety under Okawaru
  4482 | D:9      | Reached skill level 5 in Fighting
  4665 | D:9      | Noticed Psyche
  4674 | D:9      | Killed Psyche
  4675 | D:9      | Reached skill level 5 in Dodging
  4756 | D:9      | Noticed a troll
  4784 | D:9      | Killed a troll
  4784 | D:9      | Reached **** piety under Okawaru
  5796 | D:7      | Reached XP level 10. HP: 98/98 MP: 9/9
  6044 | D:8      | Noticed Maggie
  6062 | D:8      | Killed Maggie
  6172 | D:8      | Identified the Grimoire of Glacial Envenoming
  6264 | D:8      | Noticed Joseph
  6285 | D:8      | Killed Joseph
  6498 | D:8      | Reached ***** piety under Okawaru
  6890 | D:10     | Entered Level 10 of the Dungeon
  6991 | D:10     | Found a staircase to the Lair.
  7595 | D:10     | Received a gift from Okawaru
  7721 | D:10     | Reached XP level 11. HP: 105/105 MP: 10/10
  7759 | D:10     | Reached skill level 10 in Dodging
  7762 | D:10     | Noticed a skeletal warrior
  7766 | D:10     | Received a gift from Okawaru
  7767 | D:10     | Got an ichor-stained cloak {god gift}
  7790 | D:10     | Killed a skeletal warrior
  7791 | D:10     | Reached skill level 1 in Shields
  7976 | D:10     | Found an ornate altar of the Wu Jian Council.
  8052 | D:10     | Noticed a centaur warrior
  8765 | D:9      | Slain by a slime creature

Illustrated notes

Levels and vault maps discovered:
D:1:      dpeg_arrival_rooms_a, layout_rooms, roderic_roman_lattice
D:2:      layout_basic, uniq_sigmund
D:3:      layout_rooms, lemuel_doored_altar, kennysheep_cross_room,
          minmay_close_crescents, uniq_natasha
D:4:      layout_basic, minmay_temple_entry_drinking_statues, serial_shops,
          nicolae_shop_trees, shop, kennysheep_path_1
D:5:      layout_rooms, serial_shops, shop,
          hangedman_abyss_or_decor_jellyfish_corner
D:6:      layout_basic, serial_glass, glass_columns_a, glass_columns_a,
          ebering_ghost_rock_garden
D:7:      layout_cave_pools
D:8:      layout_loops_cross, uniq_joseph, uniq_maggie
D:9:      kennysheep_blocky_room, layout_cave_pools, uniq_psyche
D:10:     layout_rooms, erik_lair_orcish_takeover, serial_ice, serial_ice_h,
          serial_ice_l, serial_ice_d, serial_ice_m, minmay_ruined_shrine
D:11:     layout_basic, david_orc_2, minmay_quadrilaterals, uniq_nergalle,
          uniq_josephine
Temple:   regret_index_temple_sigil_plot

Skill      XL: |  1  2  3  4  5  6  7  8  9 10 11 |
---------------+----------------------------------+-----
Unarmed Combat | 1 2 3 5 7 9 10 | 10.8
Fighting       | 4 6 |  6.5
Dodging        | 3 6 9 10 | 10.0
Throwing       | 4 |  4.3
Shields        | 2 |  2.2
Stealth        | |  0.4
Invocations    | |  0.6

Action                   |  1- 3 |  4- 6 |  7- 9 | 10-12 || total
-------------------------+-------+-------+-------+-------++-------
Melee: Unarmed           |   113 |   170 |   263 |   316 ||   862
       Punch             |     1 |     2 |    11 |    27 ||    41
Throw: Large rock        |       |       |     6 |     9 ||    15
       Throwing net      |       |       |     3 |     2 ||     5
Invok: Heroism           |       |       |     1 |     2 ||     3
  Use: Scroll            |       |       |    10 |    10 ||    20
       Potion            |       |       |     3 |     3 ||     6
 Stab: Sleeping          |       |     1 |     4 |     1 ||     6
       Distracted        |       |       |       |     1 ||     1
Armor: Robe              |    68 |    79 |    78 |    73 ||   298
       Skin              |       |       |     5 |    29 ||    34
Dodge: Dodged            |    72 |   108 |   145 |   238 ||   563
Block: Other             |       |       |       |    70 ||    70
       Reflection        |       |       |       |     7 ||     7

Table legend: (Time is in decaauts)
 A = Elapsed time spent in this place.
 B = Non-inter-level travel time spent in this place.
 C = Inter-level travel time spent in this place.
 D = Time resting spent in this place.
 E = Time spent auto-exploring this place.
 F = Levels seen in this place.
 G = Mean time per level.
                   A        B        C        D        E       F      G
               +--------+--------+--------+--------+--------+-----+--------+
         Total |   8645 |   8242 |    403 |   1831 |   4517 |  12 |  720.4 |
       Dungeon |   8506 |   8125 |    381 |   1831 |   4402 |  11 |  773.3 |
        Temple |    138 |    116 |     22 |      0 |    115 |   1 |  138.0 |
               +--------+--------+--------+--------+--------+-----+--------+

Top non-repeatable levels by time:
     D:9: 1884 daAuts
    D:10: 1073 daAuts
     D:8: 976 daAuts
     D:4: 762 daAuts
     D:6: 661 daAuts
     D:3: 655 daAuts
     D:5: 634 daAuts
     D:2: 610 daAuts
     D:1: 474 daAuts
     D:7: 474 daAuts
    D:11: 299 daAuts
  Temple: 138 daAuts
